 Dungeon Crawl Stone Soup version 0.29.0-4-gdea44cf6ec (webtiles) character file.

Game seed: 17355109795689613836

90 Zeldest the Sneak (level 4, -1/37 HPs)
             Began as a Mummy Delver on Aug 27, 2022.
             Killed from afar by Sigmund (8 damage)
             ... with a magic dart
             ... on level 2 of the Dungeon.
             The game lasted 00:04:23 (2083 turns).

Zeldest the Sneak (Mummy Delver)                    Turns: 2083, Time: 00:04:23

Health: -1/37      AC:  3    Str: 23    XL:     4   Next: 32%
Magic:  4/4        EV: 11    Int:  9    God:
Gold:   47         SH:  0    Dex: 13    Spells: 3/3 levels left

rFire   x . .      SeeInvis .   a - +0 hand axe
rCold   + . .      Faith    .   j - orb {light}
rNeg    + + +      Spirit   .   b - +0 leather armour
rPois   ∞          Reflect  .   (no helmet)
rElec   .          Harm     .   (no cloak)
rCorr   .          Rampage  .   (no gloves)
Will    +....                   (no boots)
Stlth   +.........              (no amulet)
HPRegen 0.12/turn               g - +6 ring of strength
MPRegen 0.09/turn               i - ring of willpower

@: glowing
A: cold resistance 1, negative energy resistance 3, torment resistance 2, heat
vulnerability 1, in touch with death 1, no potions
a: no special abilities


You were on level 2 of the Dungeon.
You visited 1 branch of the dungeon, and saw 5 of its levels.

You collected 47 gold pieces.

Inventory:

Hand Weapons
 a - a +0 hand axe (weapon)
Armour
 b - a +0 leather armour (worn)
 j - an orb of light (worn)
Jewellery
 g - a +6 ring of strength (left hand)
 i - a ring of willpower (right hand)
Wands
 f - a wand of digging (3)
Scrolls
 c - a scroll of fog
 d - 3 scrolls of identify {unknown}
 h - a scroll of silence {unknown}
 k - 2 scrolls of amnesia {unknown}
 l - a scroll of teleportation {unknown}


   Skills:
 + Level 3.8 Fighting
 * Level 3.2 Axes
 - Level 1.5 Dodging
 - Level 4.1 Stealth


You had 3 spell levels left.
You didn't know any spells.
Your spell library was empty.

Dungeon Overview and Level Annotations

Branches:
Dungeon (5/15)
 Temple: D:4-7

Altars:
Ashenzari
Hepliaklqana
Kikubaaqudgha
Nemelex Xobeh

Shops:
D:4 [?*

Annotations:
D:2 Natasha, Sigmund
D:3 Terence


Innate Abilities, Weirdness & Mutations

You are immune to poison.
Your flesh is cold resistant. (rC+)
You are immune to negative energy. (rN+++)
You are immune to unholy pain and torment.
You are vulnerable to heat. (rF-)
You are in touch with the powers of death.
You do not drink.


Message History

The dart slug is almost dead.
You slash the dart slug!
You kill the dart slug!
No target in view!
No target in view!
No target in view!
You start resting.
HP restored.
Found a golden potion.
Natasha, Servant of Life and Death comes into view.
Natasha is nearby!
Natasha is nearby!
Natasha is nearby!
Natasha claws you!
You completely miss Natasha. Natasha casts a spell at you.
The magic dart hits you! Natasha barely misses you.
You are too injured to fight recklessly!
You are too injured to fight recklessly!
You are too injured to fight recklessly!
You are too injured to fight recklessly!
You hit Natasha.
Natasha is lightly wounded.
Natasha mumbles some strange words.
You hit Natasha.
Natasha is moderately wounded.
You hit the crimson imp. Natasha claws you! The crimson imp barely misses you.
You barely miss Natasha.
Natasha is moderately wounded.
You barely miss the crimson imp. Natasha claws you!
* * * LOW HITPOINT WARNING * * *
The crimson imp hits you.
* * * LOW HITPOINT WARNING * * *
As you read the scroll of fear, it crumbles to dust.
You assume a fearsome visage.
Natasha looks frightened!
The crimson imp looks frightened!
The crimson imp blinks!
The crimson imp blinks!
Sigmund gestures at you while chanting. The magic dart hits you!
You die...

###.. #.#'#........
.... ....
#.#.#........ ....
#[.##.#.#........
....
#..#.#.#####....
.... #.#.#.# ....
.... #...#+#### .##
###.
#........###+######.
#........#.......##.
#..@.....#.......##.
#................##.
#......÷..##........
###'#'###.@#........
#.#.# ##..........
#.#.#####)........
#<#...............
###########.......
.......>......


You could see Sigmund.

Vanquished Creatures
  A gnoll (D:1)
  3 adders
  3 dart slugs
  An orc (D:3)
  5 ball pythons
  An endoplasm (D:3)
  3 giant cockroaches
  5 goblins
  5 hobgoblins
  3 jackals (D:4)
  4 quokkas
  A bat (D:1)
  A frilled lizard (D:2)
  6 kobolds
  A rat (D:3)
43 creatures vanquished.

Notes
Turn   | Place    | Note
-------+----------+-------------------------------------------
     0 | D:5      | Zeldest the Mummy Delver began the quest for the Orb.
     0 | D:5      | Reached XP level 1. HP: 18/18 MP: 1/1
    35 | D:5      | Noticed a hound
    37 | D:4      | Found Rojy's Antique Armour Shoppe.
    79 | D:3      | Reached XP level 2. HP: 10/24 MP: 2/2
   294 | D:3      | Found a faded altar of an unknown god.
   587 | D:4      | Found a broken altar of Ashenzari.
   590 | D:4      | Found an ancient bone altar of Kikubaaqudgha.
   639 | D:4      | Found Amitaudd's Assorted Antiques.
   639 | D:4      | Noticed a black bear
   700 | D:4      | Gained mutation: You are in touch with the powers of death.
                  | [Mummy growth]
   700 | D:4      | Reached XP level 3. HP: 19/29 MP: 3/3
   808 | D:4      | Found Tichaek's Magic Scroll Boutique.
   824 | D:4      | Found a sparkling altar of Nemelex Xobeh.
   863 | D:4      | Found a hazy altar of Hepliaklqana.
   907 | D:3      | Noticed Terence
   964 | D:2      | You fall into a shaft and drop 2 floors!
  1159 | D:2      | Noticed Sigmund
  1584 | D:1      | Reached XP level 4. HP: 37/37 MP: 4/4
  2049 | D:2      | Noticed Natasha
  2083 | D:2      | Killed from afar by Sigmund

Illustrated notes

Levels and vault maps discovered:
D:1:      nicolae_arrival_somewhat_less_tricky_arrival, layout_loops_cross,
          minmay_close_crescents
D:2:      layout_basic, uniq_natasha, uniq_crazy_yiuf_cottage, uniq_sigmund
D:3:      layout_rooms, nicolae_ecumenical_snake_handling, minmay_lizard_king,
          uniq_terence
D:4:      layout_loops_ring, nicolae_hepliaklqana_hazy_memory,
          grunt_temple_overflow_open, nicolae_overflow_crystal_walls,
          serial_shops, shop, nicolae_shop_overgrown_old_shop,
          nicolae_diamond_shop
D:5:      layout_cave_pods, mainiacjoe_overflow_six_doors_small,
          minmay_temple_entry_wispy, gammafunk_ghost_split,
          minmay_manual_monstrance

Skill      XL: |  1  2  3 |
---------------+----------+-----
Axes           | 2 3 |  3.2
Fighting       | |  3.8
Dodging        | |  1.5
Stealth        | |  4.1

Action                   |  1- 3 |  4- 6 || total
-------------------------+-------+-------++-------
Melee: Hand axe          |    98 |    28 ||   126
       Punch             |     2 |       ||     2
  Use: Scroll            |     1 |     1 ||     2
 Stab: Sleeping          |     5 |       ||     5
       Distracted        |     1 |       ||     1
Armor: Leather armour    |    24 |     5 ||    29
Dodge: Dodged            |    80 |    15 ||    95
